 Dungeon Crawl Stone Soup version 0.31.0-11-ge490571c62 (webtiles) character file.

Game seed: 9652934476680460623

172 qw the Ducker (level 5, -4/25 HPs)
             Began as a Spriggan Hunter on Feb 4, 2024.
             Slain by Terence
             ... wielding a +0 flail
              (7 damage)
             ... on level 3 of the Dungeon.
             The game lasted 00:00:11 (1951 turns).

qw the Ducker (Spriggan Hunter)                     Turns: 1951, Time: 00:00:12

Health: -4/25      AC:  4    Str:  7    XL:     5   Next: 27%
Magic:  6/6        EV: 22    Int: 10    God:
Gold:   126        SH:  0    Dex: 21    Spells: 4/4 levels left

rFire   . . .        a - +0 shortbow
rCold   . . .        (shield currently unavailable)
rNeg    + . .        b - +2 robe {rN+}
rPois   .            (helmet restricted)
rElec   .            (no cloak)
rCorr   .            (gloves unavailable)
SInv    +            (boots unavailable)
Will    .....        (no amulet)
Stlth   ++           (no ring)
HPRegen 0.24/turn    (no ring)
MPRegen 0.10/turn

%: no passive effects
@: very quick
A: very small, no large weapons, unfitting armour, see invisible, speed 3
a: no special abilities


You were on level 3 of the Dungeon.
You visited 1 branch of the dungeon, and saw 3 of its levels.

You collected 126 gold pieces.


Innate Abilities, Weirdness & Mutations

You are very small and have problems with some larger weapons.
You are too small for most types of armour.
You have supernaturally acute eyesight. (SInv)
You cover ground extremely quickly. (Speed+++)


   Skills:
 + Level 1.5 Fighting
 - Level 5.0 Ranged Weapons
 - Level 6.2 Dodging
 - Level 1.5 Stealth


You had 4 spell levels left.
You didn't know any spells.
Your spell library was empty.

Inventory:

Hand Weapons
 a - a +0 shortbow (weapon)
Armour
 b - a +2 robe of positive energy (worn)
Scrolls
 e - 2 scrolls of enchant armour
Potions
 c - a potion of enlightenment {unknown}
 g - a potion of heal wounds {unknown}

Dungeon Overview and Level Annotations

Branches:
Dungeon (3/15)

Altars:

Shops:
D:1 [!

Annotations:
D:3 Terence


Message History

You shoot an arrow.
The arrow hits Terence but does no damage.
Terence is heavily wounded.
Terence barely misses you.
You shoot an arrow. The arrow completely misses Terence.
Terence closely misses you. Terence completely misses you.
You shoot an arrow.
The arrow hits Terence but does no damage.
Terence is heavily wounded.
Terence misses you.
You shoot an arrow.
The arrow hits Terence but does no damage.
Terence is heavily wounded.
Terence completely misses you.
You shoot an arrow. The arrow barely misses Terence.
Terence hits you with a +0 flail.
You shoot an arrow.
The arrow hits Terence but does no damage.
Terence is heavily wounded.
Terence completely misses you.
You shoot an arrow.
The arrow hits Terence but does no damage.
Terence is heavily wounded.
Terence completely misses you.
You shoot an arrow.
The arrow hits Terence but does no damage.
Terence is heavily wounded.
Terence hits you with a +0 flail!
You shoot an arrow.
The arrow hits Terence but does no damage.
Terence is heavily wounded.
Terence hits you with a +0 flail. Terence barely misses you.
You shoot an arrow. The arrow hits Terence.
Terence is severely wounded.
Terence barely misses you.
You shoot an arrow. The arrow hits Terence.
Terence is almost dead.
Terence hits you with a +0 flail!
You die...
Terence says, "Rest in peace."

#........# #.#
#.#......# #.#
#####.#......#
#.# ...
#.#......# #.#
..# #.#[.....#
#.# #.#
..#......# #.#
#.#####......#
#.#
......#......#
#.#
#.###...:....#
#@# #.#
########## #@#
#.# #.# #.#
#.# #.# #.#
..# #.# ###
#)# ..#


You could see Terence.

Vanquished Creatures
  An ogre (D:3)
  3 gnolls (D:2)
  2 adders (D:2)
  A dart slug (D:1)
  6 endoplasms
  2 giant cockroaches (D:1)
  5 goblins
  5 hobgoblins
  3 quokkas
  2 ball pythons
  3 bats
  2 frilled lizards
  3 kobolds (D:2)
  3 rats
41 creatures vanquished.

Notes
Turn   | Place    | Note
-------+----------+-------------------------------------------
     0 | D:1      | qw the Spriggan Hunter began the quest for the Orb.
     0 | D:1      | Reached XP level 1. HP: 10/10 MP: 2/2
     0 | D:1      | 0 ||| qw: Version: 0.3-a-160-g6735b56
     0 | D:1      | 0 ||| qw: Game counter: 5886
     0 | D:1      | 0 ||| qw: Melee chars always use a shield: true
     0 | D:1      | 0 ||| qw: God list: Okawaru
     0 | D:1      | 0 ||| qw: Allow faded altars: false
     0 | D:1      | 0 ||| qw: Do Orc after clearing Dungeon:15 true
     0 | D:1      | 0 ||| qw: Do second Lair branch before Depths: true
     0 | D:1      | 0 ||| qw: Lair rune preference: random
     0 | D:1      | 0 ||| qw: Goals: Normal
     0 | D:1      | 0 ||| PLANNING D:1-11
    25 | D:1      | Reached skill level 3 in Dodging
   165 | D:1      | Found Jahainige's Armour Emporium.
   215 | D:1      | Reached XP level 2. HP: 11/14 MP: 3/3
   294 | D:1      | Reached skill level 4 in Dodging
   437 | D:1      | Found Kicrac's Distillery.
   463 | D:1      | 463 ||| SHOPLISTING 2 potions of haste (200 gold, have 23).
   463 | D:1      | 463 ||| SHOPLISTING potion of curing (30 gold, have 23).
   463 | D:1      | 463 ||| SHOPLISTING potion of enlightenment (50 gold, have
                  | 23).
   463 | D:1      | 463 ||| SHOPLISTING potion of might (40 gold, have 23).
   463 | D:1      | 463 ||| SHOPLISTING potion of resistance (100 gold, have
                  | 23).
   656 | D:1      | 656 ||| READING 2 scrolls labelled ICVYTE WEGYIRCH.
   656 | D:1      | 656 ||| IDENTIFYING lumpy purple potion
   657 | D:1      | 657 ||| READING scroll of identify.
   657 | D:1      | 657 ||| IDENTIFYING scroll labelled YSCHIPSUIPO
   658 | D:1      | 658 ||| DROPPING scroll of butterflies.
   659 | D:1      | 659 ||| DROPPING scroll of torment.
   817 | D:2      | 817 ||| STAIRDANCE
   820 | D:1      | 820 ||| UPGRADING to +2 robe of positive energy.
   830 | D:1      | 830 ||| DROPPING +0 robe.
   831 | D:1      | 831 ||| READING scroll of identify.
   831 | D:1      | 831 ||| IDENTIFYING glowing grey potion
   832 | D:1      | 832 ||| READING scroll labelled XALAVV JASUHY.
   933 | D:1      | 933 ||| DROPPING potion of berserk rage.
  1007 | D:2      | 1007 ||| RETREEEEATING.
  1008 | D:2      | 1008 ||| RETREEEEATING.
  1010 | D:2      | 1010 ||| RETREEEEATING.
  1011 | D:2      | 1011 ||| RETREEEEATING.
  1012 | D:2      | 1012 ||| RETREEEEATING.
  1014 | D:2      | Reached XP level 3. HP: 18/18 MP: 4/4
  1020 | D:2      | HP: 3/18 [gnoll/+0 halberd (9)]
  1306 | D:2      | Reached XP level 4. HP: 22/22 MP: 5/5
  1737 | D:2      | 1737 ||| READING 3 scrolls labelled GAEDY MEFFUSUTOSCH.
  1737 | D:2      | 1737 ||| ENCHANTING +0 shortbow.
  1738 | D:2      | 1738 ||| DRINKING 3 dark potions.
  1739 | D:2      | 1739 ||| DROPPING 2 potions of attraction.
  1844 | D:3      | Noticed an ogre
  1845 | D:3      | 1845 ||| DRINKING potion of haste.
  1850 | D:3      | Killed an ogre
  1851 | D:3      | Reached skill level 6 in Dodging
  1851 | D:3      | Reached XP level 5. HP: 25/25 MP: 6/6
  1920 | D:3      | Noticed Terence
  1948 | D:3      | HP: 5/25 [Terence/+0 flail (8)]
  1949 | D:3      | HP: 2/25 [Terence/+0 flail (3)]
  1951 | D:3      | Slain by Terence

Levels and vault maps discovered:
D:1:      dpeg_arrival_rhombus, layout_loops_ring, serial_rivers,
          chequers_serial_rivers_marsh, chequers_serial_rivers_micro_b,
          chequers_serial_rivers_room_a, chequers_serial_rivers_small_a,
          serial_shops, nicolae_shop_just_a_little_nook,
          nicolae_shop_waterfront, minmay_splitting_lines,
          nicolae_kite_square_tiling_tiny, minmay_tall_x
D:2:      layout_loops_cross, serial_forest, infiniplex_forest_lined_1,
          infiniplex_forest_straight_5, infiniplex_forest_zigzag_1,
          infiniplex_forest_clump_diagonal, infiniplex_forest_end_2,
          infiniplex_forest_lined_1, infiniplex_forest_zigzag_1
D:3:      layout_basic, shapermc_ecumenical_altar_notcrosses, uniq_terence

Skill      XL: |  1  2  3  4 |
---------------+-------------+-----
Dodging        | 3 4 6 |  6.2
Ranged Weapons | 5 |  5.0
Fighting       | |  1.5
Stealth        | |  1.5

Action                     |  1- 3 |  4- 6 || total
---------------------------+-------+-------++-------
   Fire: Shortbow          |    81 |    59 ||   140
    Use: Scroll            |     4 |     1 ||     5
         Potion            |       |     2 ||     2
 Armour: Robe              |     6 |     8 ||    14
  Dodge: Dodged            |    17 |    27 ||    44

Table legend:
 A = Non-vault XP
 B = Vault XP
 C = Vault XP percentage of total XP
 D = Non-vault monster count
 E = Vault monster count
 F = Vault count percentage of total count
                 A         B        C        D         E       F
            +---------+---------+-------+---------+---------+-------
      Total |     239 |       7 |   2.8 |      37 |       4 |   9.8
            +---------+---------+-------+---------+---------+-------
        D:1 |      23 |       7 |  23.3 |      12 |       4 |  25.0
        D:2 |      93 |       0 |   0.0 |      21 |       0 |   0.0
        D:3 |     123 |       0 |   0.0 |       4 |       0 |   0.0
            +---------+---------+-------+---------+---------+-------
